 Dungeon Crawl Stone Soup version 0.24.0-10-g970556be89 (console) character file.

Game seed: 2136179999446231089, levelgen mode: deterministic

58 AlterAsc the Chiller (level 3, -1/19 HPs)
             Began as a Deep Elf Ice Elementalist on Nov 3, 2019.
             Killed from afar by an orc wizard (8 damage)
             ... with a puff of flame
             ... on level 3 of the Dungeon.
             The game lasted 00:04:08 (1551 turns).

AlterAsc the Chiller (Deep Elf Ice Elementalist)    Turns: 1551, Time: 00:04:09

Health: -1/19      AC:  2    Str:  5    XL:     3   Next: 75%
Magic:  9/10       EV: 13    Int: 20    God:
Gold:   144        SH:  0    Dex: 15    Spells: 9/10 levels left

rFire    . . .     SeeInvis .   i - +0 dagger
rCold    . . .     Gourm    .   (no shield)
rNeg     . . .     Faith    .   a - +0 robe
rPois    .         Spirit   .   (no helmet)
rElec    .         Reflect  .   (no cloak)
rCorr    .         Harm     .   (no gloves)
MR       .....                  (no boots)
Stlth    ++........             (no amulet)
HPRegen  0.06/turn              (no ring)
MPRegen  0.12/turn              (no ring)

@: no status effects
A: no striking features
a: no special abilities


You were on level 3 of the Dungeon.
You were not hungry.

You visited 1 branch of the dungeon, and saw 4 of its levels.

You collected 144 gold pieces.

Inventory:

Hand Weapons
 i - a +0 dagger (weapon)
Missiles
 m - 4 javelins (quivered)
Armour
 a - a +0 robe (worn)
 j - a cursed +0 buckler
Wands
 r - a wand of flame (13)
Scrolls
 e - a scroll of fear {unknown}
 f - a scroll of blinking {unknown}
 g - a scroll of amnesia {unknown}
 l - a scroll of teleportation {unknown}
 n - a scroll of identify {unknown}
 p - a scroll of enchant weapon {unknown}
 q - a scroll of remove curse {unknown}
Potions
 b - a potion of flight {unknown}
 d - a potion of degeneration {unknown}
 h - a potion of brilliance {unknown}
 k - a potion of curing
Comestibles
 c - 4 rations
 o - 7 chunks of flesh


   Skills:
 - Level 3.0 Dodging
 - Level 2.9 Stealth
 + Level 4.1 Spellcasting
   Level 1.1 Conjurations
 + Level 4.1 Ice Magic


You had 9 spell levels left.
You knew the following spells:

 Your Spells              Type           Power        Failure   Level  Hunger
a - Freeze                Ice            ###.         2%          1    None

Your spell library contained the following spells:

 Spells                   Type           Power        Failure   Level  Hunger
 Throw Frost              Conj/Ice       ##....       7%          2    #......
 Ozocubu's Armour         Chrm/Ice       ##......     16%         3    ###....
 Throw Icicle             Conj/Ice       ##......     41%         4    ####...
 Summon Ice Beast         Ice/Summ       ##......     47%         4    ####...


Dungeon Overview and Level Annotations

Branches:
Dungeon (4/15)
 Temple: D:4-7

Altars:


Message History

Aim: an orc wizard, wielding a +0 dagger and wearing a cursed +0 robe You freeze the orc wizard.
The orc wizard is moderately wounded.
The orc wizard mumbles some strange words.
The orc wizard seems to speed up.
The orc wizard gestures at you while chanting.
The puff of flame hits you!
Casting: Freeze (safe; 2% risk of failure)
Confirm with . or Enter, or press ? or * to list all spells.
Aiming: Freeze (safe; 2% risk of failure)
Press: ? - help, Shift-Dir - straight line, f/p - orc wizard
Aim: an orc wizard, wielding a +0 dagger and wearing a cursed +0 robe (moderately wounded)
You freeze the orc wizard.
The orc wizard is severely wounded.
The orc hits you with a +0 club.
The orc wizard gestures at you while chanting.
The puff of flame hits you. The orc wizard casts a spell at you.
The puff of flame hits you!
You die...

#..r....# #..........#
#.......# #..........#
##.....## #..........#
#.......# #.....>....#
#.......# #....).....#
#.......# #..........#
##.....#####..........###
##....##..o.....>.......
###...go..o..@......###
#....o#######.#####
#..#### #.......# #(.#
#(......# #.(. #.......#
##..# #.......... .g..
#.......... ....o
#.......##. (.....
#.......#


You could see 2 orc wizards, 2 orcs and a goblin.

Vanquished Creatures
  An adder (D:2)
  A gnoll (D:1)
  An ooze (D:1)
  4 giant cockroaches (D:1)
  5 goblins (D:1)
  7 hobgoblins
  3 jackals (D:1)
  A kobold (D:1)
  3 bats
  A frilled lizard (D:1)
  4 rats (D:1)
31 creatures vanquished.

Notes
Turn   | Place    | Note
-------+----------+-------------------------------------------
     0 | D:1      | AlterAsc the Deep Elf Ice Elementalist began the quest for
                  | the Orb.
     0 | D:1      | Reached XP level 1. HP: 10/10 MP: 6/6
   164 | D:1      | Reached XP level 2. HP: 5/15 MP: 0/8
   774 | D:1      | Reached XP level 3. HP: 16/19 MP: 8/10
  1486 | D:2      | You fall into a shaft and drop 2 floors!
  1551 | D:3      | Killed from afar by an orc wizard

Levels and vault maps discovered:
D:1:      elethiomel_arrival_maze, layout_loops_ring, serial_bayou,
          serial_bayou_lagoon_a, serial_bayou_pond_d, serial_bayou_crossing,
          serial_bayou_ford_a, dk_noncrumbling_2
D:2:      layout_basic, first_ration
D:3:      layout_rooms
D:4:      layout_basic, serial_shops, shop_fountains

Skill      XL: |  1  2  3 |
---------------+----------+-----
Dodging        | 3 |  3.0
Spellcasting   | 4 |  4.1
Ice Magic      | 4 |  4.1
Stealth        | |  2.9
Conjurations   | |  1.1

Action                   || total
-------------------------++-------
Melee: Unarmed           ||     1
       Dagger            ||     1
Throw: Javelin           ||     4
 Cast: Freeze            ||    54
  Use: Potion            ||     1
  Eat: Chunk             ||     2
Armor: Robe              ||     5
Dodge: Dodged            ||    26
